Map: [G8] Babylon

Players

Oliveira - Winner!

  • Race: Terran Terran
  • Spawn Location: 5:00

Solar

  • Race: Zerg Zerg
  • Spawn Location: 11:00

Event: Gamers8 2023

VOD

Have the link to the VOD?

Description

Time

  • Played on: Aug. 3, 2023, 8:21 a.m.
  • Length: 17:40

All games in this series

Show
View Real Time Build Order
Export as new Build Order

Oliveira Terran - Winner!

Build Orders: Reaper Expand, Hellion Banshee 

Get SALT Encoding   

  12  0:00  SCV  
  13  0:12  SCV  
  14  0:17  Supply Depot  
  14  0:24  SCV  
  15  0:38  SCV  
  15  0:39  Barracks  
  16  0:45  Refinery  
  16  0:50  SCV  
  17  1:02  SCV  
  18  1:15  SCV  
  19  1:27  Orbital Command  
  19  1:28  Reaper  
  20  1:40  Command Center  
  20  1:48  Supply Depot  
  20  1:54  SCV  
  21  2:00  Marine  
  22  2:06  SCV  
  23  2:12  Factory  
  23  2:18  SCV  
  23  2:22  Barracks Reactor  
  24  2:30  SCV  
  25  2:39  Command Center  
  25  2:44  SCV  
  26  2:52  Orbital Command  
  26  2:56  SCV  
  27  3:03  Starport, Refinery  
  27  3:08  SCV  
  28  3:14  Hellion x2  
  28  3:18  Barracks Tech Lab  
  32  3:21  SCV x2  
  34  3:33  SCV  
  35  3:34  SCV  
  35  3:35  Hellion x2  
  40  3:45  Banshee  
  40  3:47  SCV x2  
  45  3:49  Marine  
  45  3:51  Orbital Command  
  46  3:59  Hellion x2  
  46  4:02  SCV  
  51  4:03  SCV  
  51  4:11  Barracks Tech Lab, Supply Depot  
  51  4:14  SCV  
  51  4:15  SCV  
  53  4:17  SCV  
  54  4:24  Hellion x2  
  54  4:26  SCV  
  54  4:27  SCV  
  54  4:31  Marine, Stimpack  
  60  4:33  Raven, SCV  
  60  4:34  Supply Depot  
  64  4:38  SCV  
  64  4:43  SCV  
  66  4:48  Barracks  
  66  4:50  Orbital Command  
  66  4:52  Marine, Factory Reactor  
  67  4:53  Barracks, SCV  
  67  4:58  Supply Depot  
  68  5:01  Engineering Bay  
  68  5:02  SCV  
  68  5:03  Engineering Bay  
  68  5:05  Refinery, SCV  
  68  5:06  Refinery  
  70  5:14  Starport Reactor, SCV  
  70  5:18  Barracks  
  70  5:19  Barracks  
  70  5:20  SCV  
  70  5:21  Supply Depot  
  72  5:25  SCV  
  72  5:28  Marine  
  73  5:30  SCV  
  73  5:31  Terran Infantry Armor Level 1, Terran Infantry Weapons Level 1  
  73  5:32  SCV  
  76  5:36  Marine x2  
  76  5:38  SCV  
  76  5:41  Siege Tank  
  82  5:44  SCV  
  82  5:45  SCV  
  82  5:48  Marine  
  82  5:49  Marine x2, Supply Depot  
  87  5:52  SCV  
  87  5:55  Marine  
  87  5:56  SCV  
  91  5:57  Marine, SCV  
  91  5:58  Supply Depot  
  92  6:06  Marine  
  92  6:09  Barracks Reactor  
  92  6:10  Barracks Reactor, Marine, Bunker  
  92  6:11  Medivac x2, SCV  
  99  6:15  Marine  
  99  6:16  SCV  
  99  6:17  Refinery  
  101  6:19  SCV  
  101  6:21  Supply Depot  
  101  6:22  Siege Tank, Marine  
  101  6:24  SCV  
  107  6:28  Armory  
  107  6:29  Marine x2  
  109  6:34  Marine, SCV x2  
  109  6:35  Supply Depot  
  109  6:38  Combat Shield  
  109  6:39  Marine  
  113  6:40  SCV, Supply Depot  
  113  6:44  Marine  
  113  6:46  SCV x2  
  117  6:47  Marine  
  117  6:52  Marine x2  
  117  6:53  Marine x2  
  122  6:55  Medivac  
  122  6:57  Medivac  
  122  6:59  Command Center  
  126  7:05  Siege Tank, Supply Depot  
  126  7:07  Supply Depot  
  129  7:09  Marine x2  
  129  7:10  Marine x2  
  129  7:11  SCV  
  129  7:13  SCV  
  135  7:22  Marine x2  
  135  7:23  Marine  
  135  7:24  SCV  
  135  7:25  Terran Infantry Armor Level 2  
  135  7:27  Refinery  
  135  7:28  Marine  
  135  7:29  Marine  
  141  7:32  Factory  
  141  7:36  Marine x2  
  143  7:37  Siege Tank  
  143  7:39  Marine x2  
  143  7:42  Marine x2  
  143  7:43  Medivac  
  151  7:44  SCV  
  151  7:47  Supply Depot x2  
  147  7:55  Marine  
  147  7:57  Marine x3  
  127  7:59  Medivac  
  127  8:00  Terran Infantry Weapons Level 2  
  129  8:06  Marine x2  
  129  8:07  Marine  
  129  8:09  SCV  
  129  8:11  SCV x2  
  135  8:15  Siege Tank, Marine x2  
  135  8:16  Marine  
  135  8:17  Sensor Tower  
  135  8:19  Marine  
  142  8:20  Factory Tech Lab  
  142  8:21  Medivac  
  142  8:25  Marine x2  
  146  8:28  Terran Vehicle Weapons Level 1  
  146  8:33  Marine  
  146  8:34  Marine  
  148  8:36  Marine x2  
  148  8:39  Siege Tank  
  148  8:41  Liberator  
  146  8:42  Marine x3  
  146  8:43  Marine  
  146  8:44  SCV  
  146  8:45  SCV x2  
  155  8:51  Planetary Fortress, Marine x2  
  155  8:54  Marine x2  
  155  8:55  Marine  
  160  8:58  Siege Tank  
  160  8:59  Marine  
  160  9:00  Marine  
  166  9:03  SCV  
  166  9:04  SCV x2  
  166  9:06  Marine  
  166  9:07  Supply Depot  
  166  9:09  Marine, Supply Depot  
  171  9:11  Liberator  
  171  9:12  Marine x2  
  171  9:15  Siege Tank  
  171  9:17  Marine x2  
  180  9:27  Marine  
  180  9:31  Marine x4  
  177  9:32  Siege Tank  
  177  9:33  Medivac  
  177  9:37  Marine x3  
  187  9:39  Marine  
  187  9:44  Marine  
  189  9:48  Siege Tank, Marine  
  189  9:49  Marine x2  
  189  9:52  Marine  
  196  9:54  Marine  
  196  9:57  Barracks  
  196  9:58  Barracks  
  196  9:59  Barracks  
  197  10:01  Command Center  
  197  10:06  Marine x2  
  148  10:08  Siege Tank  
  148  10:09  Marine x5  
  148  10:10  Marine  
  148  10:12  Marine  
  148  10:22  Command Center  
  148  10:23  Siege Tank, Marine  
  148  10:24  Marine  
  148  10:25  Terran Infantry Armor Level 3, Terran Infantry Weapons Level 3  
  148  10:26  Marine  
  148  10:27  Marine x3  
  157  10:30  Marine  
  158  10:36  Terran Vehicle Weapons Level 2  
  158  10:40  Marine  
  158  10:41  Marauder, Marine x2  
  156  10:42  Siege Tank  
  156  10:44  Marine x2  
  158  10:51  Marine x2  
  158  10:52  Marine  
  161  10:57  Barracks Tech Lab x2  
  161  10:58  Marine, Barracks Tech Lab  
  161  10:59  Marine  
  161  11:00  Siege Tank  
  161  11:02  Marauder, Marine x2, Liberator  
  173  11:08  Marine  
  173  11:09  Marine x3  
  177  11:16  Marine  
  177  11:17  Marine  
  176  11:19  Marine  
  176  11:20  Siege Tank, Marine x3, Concussive Shells  
  176  11:21  Marauder  
  176  11:23  Ghost Academy  
  176  11:24  Marauder, Refinery  
  176  11:25  Refinery  
  187  11:26  Marine  
  187  11:27  Marine x3  
  191  11:35  Marine x2  
  191  11:36  Siege Tank  
  191  11:38  Marauder x2  
  200  11:54  Orbital Command  
  193  12:05  Marine  
  193  12:06  Marine x2  
  193  12:07  Marauder  
  188  12:13  Supply Depot  
  188  12:15  Supply Depot  
  188  12:16  Supply Depot  
  171  12:36  Marine x2  
  171  12:37  Marine x3, Supply Depot  
  171  12:38  Marine x3, Supply Depot x3  
  171  12:39  Supply Depot x2  
  171  12:42  Siege Tank x2  
  178  12:46  Ghost x4  
  178  12:48  Orbital Command  
  178  12:50  SCV  
  178  12:51  SCV  
  182  12:53  SCV  
  182  12:54  Refinery x2  
  182  13:00  Marine  
  182  13:02  Marine x2  
  179  13:07  Marine  
  179  13:08  Viking  
  179  13:09  Viking  
  179  13:12  SCV, Orbital Command  
  181  13:15  Siege Tank  
  175  13:21  Marine, Planetary Fortress  
  175  13:22  Ghost  
  175  13:24  Marine x2  
  175  13:25  SCV  
  178  13:29  Marine  
  178  13:31  Marine  
  178  13:32  SCV x2  
  175  13:35  Marine  
  175  13:38  SCV x2  
  175  13:40  Siege Tank  
  181  13:43  Ghost x2  
  181  13:45  Marine x2  
  181  13:48  Marine  
  182  13:56  Marine x2  
  182  13:57  Marine  
  182  13:59  SCV x3  
  182  14:00  Ghost  
  182  14:01  Marine  
  182  14:02  Marine x2  
  186  14:18  Supply Depot  
  186  14:20  Supply Depot x3  
  176  14:39  Marine x2  
  176  14:40  Marauder, Marine  
  176  14:41  Marine x5  
  176  14:42  Marauder x2  
  187  14:55  Marine  
  187  14:57  Marine  
  184  15:00  Medivac x2, Supply Depot  
  184  15:01  Marauder  
  184  15:04  Marine x2  
  184  15:05  Marauder  
  191  15:12  Marauder, Marine x2  
  191  15:13  Marine  
  191  15:14  Marauder, Marine x2  
  187  15:20  Marine  
  177  15:22  Marine x2  
  177  15:23  Marauder  
  177  15:26  Marauder  
  181  15:31  Marine x2  
  181  15:34  Marauder  
  182  15:36  Marauder  
  174  15:44  Marine  
  174  15:47  Marauder, Marine x2  
  174  15:48  Marine x2  
  174  15:49  Marauder  
  182  15:56  Command Center  
  171  16:01  Marine  
  154  16:06  Marine x2  
  154  16:07  Marauder, Siege Tank  
  154  16:08  Medivac x2  
  154  16:10  Marauder, Marine x2  
  147  16:15  Marine  
  148  16:18  Marine  
  148  16:21  Siege Tank  
  148  16:25  Marine  
  152  16:29  Marine x2  
  152  16:31  Marine  
  154  16:34  Marine  
  154  16:36  Marine  
  154  16:40  Marine  
  154  16:42  Marine  
  154  16:43  Marine  
  154  16:45  Medivac  
  159  16:49  Marine x2  
  155  16:56  Marauder, Marine  
  157  17:06  Marine  
  146  17:09  Marine x2  
  146  17:10  Marauder  
  146  17:12  Marine  
  146  17:13  Marauder  
  146  17:15  Marine  
Show
View Real Time Build Order
Export as new Build Order

Solar Zerg 

Build Orders: Hatch First, Lurkers 

Get SALT Encoding   

  12  0:00  Drone  
  13  0:12  Overlord  
  13  0:18  Drone  
  14  0:31  Drone x2  
  16  0:49  Hatchery  
  15  0:52  Drone  
  15  0:55  Drone  
  17  0:59  Drone  
  18  1:09  Extractor  
  17  1:14  Spawning Pool  
  17  1:18  Drone  
  17  1:20  Drone  
  18  1:30  Drone  
  19  1:39  Drone  
  20  1:50  Drone  
  21  2:01  Queen x2  
  21  2:02  Zergling x4  
  27  2:12  Overlord  
  27  2:13  Drone  
  28  2:23  Hatchery  
  28  2:26  Drone  
  28  2:30  Drone  
  28  2:36  Drone  
  30  2:38  Queen  
  30  2:44  Metabolic Boost  
  32  2:48  Overlord  
  32  2:53  Drone x2  
  32  2:56  Drone  
  35  2:59  Drone  
  36  3:07  Drone x2  
  36  3:11  Drone x2  
  36  3:12  Drone  
  41  3:15  Queen  
  43  3:21  Overlord  
  43  3:22  Drone  
  44  3:34  Queen  
  44  3:35  Queen  
  44  3:37  Overlord  
  44  3:40  Drone  
  44  3:41  Drone x2  
  51  3:43  Drone  
  51  3:44  Drone  
  53  3:49  Drone  
  53  3:55  Drone x4  
  58  3:57  Drone x3  
  58  4:01  Zergling x4  
  63  4:07  Drone  
  64  4:11  Overlord  
  64  4:13  Queen  
  64  4:16  Overlord  
  65  4:19  Overlord  
  65  4:22  Overlord  
  65  4:28  Queen  
  65  4:29  Drone  
  65  4:30  Drone  
  65  4:31  Zergling x8  
  73  4:40  Overlord  
  73  4:41  Drone  
  73  4:42  Drone  
  73  4:43  Spore Crawler, Drone x2  
  73  4:44  Extractor  
  75  4:46  Drone x3  
  75  4:52  Queen  
  80  4:54  Spore Crawler, Drone  
  80  4:56  Drone x2  
  80  4:58  Drone x2  
  80  4:59  Zergling x2  
  85  5:00  Evolution Chamber  
  85  5:01  Evolution Chamber  
  83  5:08  Extractor  
  83  5:10  Drone  
  83  5:11  Zergling x4  
  85  5:14  Hatchery  
  85  5:17  Drone x2  
  85  5:20  Spore Crawler  
  84  5:22  Overlord x2  
  85  5:29  Zerg Ground Armor Level 1, Zerg Melee Weapons Level 1  
  85  5:31  Drone x4  
  85  5:33  Drone x4  
  85  5:35  Drone x2  
  95  5:36  Drone  
  95  5:37  Extractor  
  95  5:41  Lair  
  95  5:44  Drone x2  
  95  5:46  Extractor  
  95  5:47  Baneling Nest, Drone x2  
  97  5:56  Zergling x4  
  99  5:58  Hatchery, Overlord  
  99  6:02  Drone x4  
  99  6:03  Drone  
  103  6:07  Drone x3  
  103  6:09  Zergling x4  
  108  6:12  Zergling x2  
  110  6:18  Drone  
  110  6:19  Drone x2  
  110  6:20  Drone  
  110  6:24  Zergling x2  
  114  6:30  Zergling x6  
  117  6:32  Overlord  
  117  6:35  Queen  
  117  6:38  Baneling x6  
  117  6:39  Zergling x12  
  125  6:41  Zergling x2  
  125  6:42  Zergling x2  
  125  6:44  Baneling x2  
  125  6:46  Centrifugal Hooks, Zergling x2  
  128  6:47  Hatchery  
  128  6:49  Zergling x2  
  128  6:51  Overlord x3  
  128  6:52  Zergling x2  
  129  6:54  Baneling x2  
  129  6:59  Overlord  
  129  7:03  Overlord  
  129  7:04  Overlord  
  129  7:06  Baneling x3  
  129  7:07  Overlord  
  129  7:09  Zergling x12  
  129  7:11  Zergling x2  
  136  7:18  Zergling x8  
  136  7:21  Baneling x2  
  140  7:25  Zerg Melee Weapons Level 2, Zerg Ground Armor Level 2  
  140  7:27  Zergling x12  
  140  7:29  Zergling x2  
  144  7:40  Zergling x12  
  148  7:45  Zergling x8  
  148  7:46  Zergling x8  
  149  7:56  Zergling x10  
  149  7:57  Zergling x8  
  142  8:02  Drone x5  
  142  8:05  Hydralisk Den  
  146  8:06  Infestation Pit, Extractor  
  146  8:08  Baneling x6  
  146  8:09  Drone x2  
  146  8:10  Zergling x8  
  150  8:16  Baneling x5  
  150  8:19  Zergling x14  
  157  8:20  Queen  
  157  8:24  Drone  
  160  8:27  Extractor, Drone x2  
  160  8:28  Baneling x5  
  160  8:30  Zergling x12  
  167  8:34  Zergling x14  
  174  8:44  Hatchery  
  174  8:46  Overlord  
  173  8:48  Hive  
  173  8:51  Muscular Augments, Drone x2  
  173  8:53  Overlord  
  173  8:54  Overlord  
  173  8:55  Pneumatized Carapace  
  175  8:56  Drone  
  175  9:01  Overseer  
  176  9:03  Zergling x12  
  176  9:08  Overlord, Hydralisk x4  
  190  9:13  Zergling x2  
  190  9:14  Zergling x14  
  197  9:24  Baneling x15  
  197  9:26  Zergling x10  
  197  9:28  Zergling x8  
  192  9:33  Zergling x10  
  197  9:43  Baneling  
  197  9:44  Baneling x12  
  196  9:53  Zergling x8  
  193  10:01  Zergling x14  
  193  10:04  Zergling x12  
  193  10:06  Hydralisk  
  193  10:07  Hydralisk x2  
  167  10:09  Zergling x12  
  167  10:13  Viper x2  
  184  10:17  Hydralisk x2  
  180  10:21  Drone x5  
  180  10:23  Spore Crawler  
  180  10:24  Extractor  
  180  10:26  Zergling x6  
  186  10:29  Grooved Spines  
  186  10:30  Zerg Missile Weapons Level 1  
  186  10:31  Zergling x6  
  186  10:34  Zergling x6  
  192  10:40  Zergling x12  
  193  10:49  Zerg Ground Armor Level 3  
  193  10:50  Baneling x2  
  193  10:52  Hatchery  
  192  10:59  Lurker Den  
  192  11:00  Drone x3  
  192  11:01  Drone x2  
  192  11:03  Zergling x8  
  200  11:04  Extractor  
  197  11:13  Zergling x4  
  197  11:18  Zergling x18  
  199  11:24  Baneling x2  
  200  11:36  Burrow  
  200  11:47  Baneling x9  
  198  11:58  Zergling x12  
  197  12:04  Hydralisk x2  
  197  12:05  Zergling x26  
  197  12:07  Zergling x2  
  199  12:09  Baneling x8  
  199  12:12  Zergling x6  
  199  12:14  Zergling x2  
  192  12:24  Zergling x14  
  192  12:25  Zergling x2  
  192  12:27  Lurker x2  
  192  12:35  Zergling x2  
  192  12:36  Zergling x18  
  198  12:40  Zergling x10  
  198  12:41  Baneling x8  
  199  12:46  Zergling x12  
  199  12:48  Seismic Spines  
  200  12:51  Zerg Melee Weapons Level 3  
  200  12:55  Hatchery  
  200  12:57  Hydralisk  
  200  13:01  Zergling x4  
  200  13:03  Baneling x10  
  197  13:07  Zergling x10  
  197  13:10  Zergling x4  
  197  13:12  Zergling x4  
  188  13:25  Zergling x32  
  188  13:26  Zerg Missile Weapons Level 2  
  199  13:29  Zergling x8  
  199  13:34  Hydralisk x2  
  187  13:38  Zergling x8  
  195  13:43  Zergling x2  
  195  13:45  Adaptive Talons  
  195  13:46  Baneling x6  
  196  13:49  Hydralisk x2  
  196  13:50  Zergling x2  
  196  13:51  Zergling x2  
  196  13:53  Lurker x3  
  199  14:01  Zergling x10  
  199  14:02  Baneling x3  
  198  14:03  Hatchery, Baneling x9  
  198  14:08  Zergling x16  
  200  14:26  Zergling x10  
  200  14:29  Zergling x6  
  194  14:32  Baneling x8  
  194  14:33  Lurker x5  
  194  14:37  Zergling x12  
  198  14:46  Zergling x4  
  199  14:58  Lurker x4, Hydralisk x3  
  199  15:00  Hatchery  
  199  15:05  Zergling x4  
  199  15:06  Zergling x8  
  199  15:07  Zergling x6  
  199  15:10  Zergling x14  
  199  15:13  Zergling x2  
  199  15:14  Zergling x2  
  198  15:20  Viper x2  
  172  15:21  Hydralisk x5  
  172  15:22  Zergling x12  
  172  15:24  Baneling x3  
  172  15:25  Baneling x2  
  172  15:27  Zergling x8  
  190  15:29  Zergling x6  
  190  15:31  Baneling  
  190  15:32  Baneling, Lurker  
  189  15:35  Zergling x2  
  189  15:36  Zergling x6  
  189  15:38  Zergling x2  
  189  15:39  Zergling x4  
  176  15:47  Zergling x2  
  176  15:48  Zergling x6  
  170  15:51  Zergling x6  
  170  15:55  Hydralisk x3  
  165  16:02  Zergling x18  
  145  16:08  Zergling x10  
  125  16:11  Baneling  
  125  16:12  Baneling x9, Hydralisk x2  
  125  16:15  Zergling x2  
  125  16:16  Zergling x4  
  132  16:19  Zergling x6  
  132  16:20  Zergling x4  
  132  16:24  Zergling x2  
  132  16:25  Zergling x6  
  136  16:26  Zergling x4  
  136  16:27  Hydralisk x2  
  136  16:28  Hydralisk  
  136  16:31  Zergling x2  
  136  16:32  Hydralisk  
  139  16:34  Baneling Nest, Zergling x4  
  139  16:37  Zergling x2  
  134  16:40  Hydralisk  
  134  16:41  Hydralisk x6  
  134  16:42  Zergling x2  
  134  16:43  Zergling x4  
  134  16:46  Zergling x2  
  146  16:48  Zergling x2  
  146  16:49  Zergling x4  
  146  16:50  Hydralisk  
  150  16:54  Zergling x4  
  150  16:57  Zergling x2  
  150  17:01  Zergling x6  
  148  17:06  Hydralisk x3  
  134  17:10  Zergling x6  
  134  17:14  Zergling x2  
  134  17:15  Zergling x2  
  129  17:17  Zergling x2  
  129  17:19  Zergling x2  
Tags
 
Add a new tag
Caveats
  • Supply blocks, unpowered buildings, or Contaminate may cause inaccurate times.
  • Supply counts are checked every 10 seconds.